 Dungeon Sprint DCSS version 0.29.1-13-g9f3cf754e1 (webtiles) character file.

Game seed: 17891126241441950453

7 theswoord the Twirler (level 1, -2/22 (24) HPs)
             Began as a Demonspawn Gladiator on Jan 26, 2023.
             Slain by a necrophage (6 damage)
             ... in the Dungeon (Sprint IX: "|||||||||||||||||||||||||||||").
             The game lasted 00:00:23 (87 turns).

theswoord the Twirler (Demonspawn Gladiator)          Turns: 87, Time: 00:00:24

HP:   -2/22 (24)    AC:  4    Str: 14    XL:     1   Next: 83%
MP:   1/1           EV: 12    Int:  9    God:
Gold: 0             SH:  0    Dex: 14    Spells: 0/0 levels left

rFire   . . .      SeeInvis .   a - +0 quarterstaff
rCold   . . .      Faith    .   (shield currently unavailable)
rNeg    . . .      Spirit   .   b - +0 leather armour
rPois   .          Reflect  .   c - +0 helmet
rElec   .          Harm     .   (no cloak)
rCorr   .          Rampage  .   (no gloves)
Will    .....      NoTele   +   (no boots)
Stlth   ..........              (no amulet)
HPRegen 0.07/turn               (no ring)
MPRegen 0.07/turn               (no ring)

@: berserking, drained, very quick
A: no striking features
a: no special abilities


You were in the Dungeon.
You visited 1 branch

Inventory:

Hand Weapons
 a - a +0 quarterstaff (weapon)
Missiles
 d - 3 throwing nets (quivered)
 e - a javelin
Armour
 b - a +0 leather armour (worn)
 c - a +0 helmet (worn)
Scrolls
 k - a scroll of blinking
Potions
 f - a potion of curing
 g - a potion of heal wounds
 h - a potion of haste
 i - 2 potions of magic


   Skills:
 - Level 2.0 Fighting
 + Level 4.4 Staves
 - Level 1.7 Throwing
 - Level 2.6 Dodging


You couldn't memorise any spells.
You didn't know any spells.
Your spell library was empty.

Dungeon Overview and Level Annotations

Branches:
Dungeon (1/1)

Altars:


Message History

The bat misses you. The bat hits you but does no damage.
You sock the bat!
You kill the bat!
No target in view!
No target in view!
HP restored.
You see here a bat corpse.
You open the door.
A necrophage, an orc wizard, a scorpion and 2 iguanas come into view.
The orc wizard shouts!
The iguana hisses angrily.
There are monsters nearby!
There are monsters nearby!
The iguana hisses angrily.
You hit the necrophage.
The necrophage is lightly damaged.
The necrophage hits you.
You closely miss the necrophage.
The necrophage is lightly damaged.
The necrophage hits you.
You completely miss the necrophage.
The necrophage is lightly damaged.
The orc wizard mumbles some strange words.
The orc wizard flickers and vanishes!
Deactivating autopickup; reactivate with Ctrl-A.
The necrophage hits you.
* * * LOW HITPOINT WARNING * * *
You feel drained.
* * * LOW HITPOINT WARNING * * *
A red film seems to cover your vision as you go berserk!
You feel yourself moving faster!
You feel mighty! The necrophage hits you.
* * * LOW HITPOINT WARNING * * *
You hit the necrophage.
The necrophage is moderately damaged.
The necrophage closely misses you.
You thump the necrophage!
The necrophage is severely damaged.
You sock the necrophage!
The necrophage is almost destroyed.
The necrophage hits you.
You die...

▓.▓
▓.▓
▓.▓
▓)▓
▓.▓
▓.▓
▓.▓
▓.▓
▓@▓
▓n▓
▓{▓
▓l▓
▓s▓
▓l▓
▓.▓
▓+▓


You could see a necrophage, a scorpion and 2 iguanas.

Vanquished Creatures
  A dart slug (D)
  A bat (D)
  A goblin (D)
  A kobold (D)
  A rat (D)
5 creatures vanquished.

Notes
Turn   | Place    | Note
-------+----------+-------------------------------------------
     0 | D        | theswoord the Demonspawn Gladiator began the quest for the
                  | Orb.
     0 | D        | Reached XP level 1. HP: 16/16 MP: 1/1
     7 | D        | Reached skill level 3 in Staves
    14 | D        | Reached skill level 4 in Staves
    80 | D        | Noticed a necrophage
    80 | D        | Noticed an orc wizard
    80 | D        | Noticed an iguana
    80 | D        | Noticed a scorpion
    80 | D        | Noticed an iguana
    87 | D        | Slain by a necrophage

Skill      XL: |  1 |
---------------+----+-----
Staves         | 4 |  4.4
Fighting       | |  2.0
Throwing       | |  1.7
Dodging        | |  2.6

Action                   || total
-------------------------++-------
Melee: Quarterstaff      ||    24
  Use: Potion            ||     1
Armor: Leather armour    ||     8
Dodge: Dodged            ||    13

Levels and vault maps discovered:
D:        linesprint [early_d, line_temple, items_1, d_10, items_2, lair_1,
          lair_end, items_3, orc_1, orc_end, items_4, d_15, swamp_1, shoals_1,
          snake_1, spider_1, d_20, vaults_1, items_5, swamp_end, shoals_end,
          snake_end, spider_end, vaults_end, d_27, items_6, zot_1, zot_end,
          crypt_end, forest_end, elf_end, slime_end, tomb_end, abyss_end,
          pan_hell_end]
